 Dungeon Crawl Stone Soup version 0.22.1-1-ga44c0e5 (webtiles) character file.

1788 CowFu the Protected (level 9, -1/52 HPs)
             Began as a Tengu Fighter on Oct 21, 2018.
             Was a Follower of Okawaru.
             Slain by Cancer's ghost (11 damage)
             ... on level 6 of the Dungeon.
             The game lasted 00:07:53 (5422 turns).

CowFu the Protected (Tengu Fighter)                 Turns: 5422, Time: 00:07:54

Health: -1/52      AC: 24    Str: 16    XL:     9   Next: 8%
Magic:  8/10       EV:  4    Int: 12    God:    Okawaru [*.....]
Gold:   419        SH: 11    Dex: 14    Spells: 8/8 levels left

rFire    . . .     SeeInvis .   a - +1 flail
rCold    + + .     Gourm    .   c - +0 shield
rNeg     . . .     Faith    .   d - +0 gold dragon scales
rPois    +         Spirit   .   (helmet restricted)
rElec    .         Reflect  .   q - +1 cloak
rCorr    .         Harm     .   i - +0 pair of gloves
MR       .....                  (boots unavailable)
Stlth    ..........             (no amulet)
HPRegen  0.17/turn              h - ring of ice
MPRegen  0.12/turn              (no ring)

@: heroism
A: beak, talons 3, able to fly 1
a: Fly, Heroism, Renounce Religion


You were on level 6 of the Dungeon.
You worshipped Okawaru.
Okawaru was aware of your devotion.
You were hungry.

You visited 1 branch of the dungeon, and saw 6 of its levels.

You collected 419 gold pieces.

Inventory:

Hand Weapons
 a - a +1 flail (weapon)
Armour
 c - a +0 shield (worn)
 d - +0 gold dragon scales (worn)
 i - a +0 pair of gloves (worn)
 q - a +1 cloak (worn)
 w - a scarf of cloud immunity
Jewellery
 g - an uncursed ring of see invisible {unknown}
 h - a ring of ice (left hand)
 j - an uncursed ring of fire {unknown}
 k - an uncursed amulet of harm
Wands
 p - a wand of polymorph (23)
 A - a wand of clouds (6)
Scrolls
 b - 2 scrolls of immolation
 l - 3 scrolls of remove curse
 n - a scroll of fear
 r - 3 scrolls of teleportation
 t - 2 scrolls of amnesia
Potions
 o - 2 potions of heal wounds {unknown}
 s - a potion of berserk rage {unknown}
 u - 3 potions of invisibility {unknown}
 v - a potion of brilliance {unknown}
Comestibles
 f - 23 rations


   Skills:
 - Level 3.6(8.6) Fighting
 - Level 7.7(12.7) Maces & Flails
 * Level 9.2(14.2) Armour
 - Level 2.0(7.0) Dodging
 - Level 4.8(9.8) Shields


You had 8 spell levels left.
You didn't know any spells.
Your spell library contained the following spells:

 Spells                   Type           Power        Failure   Level  Hunger
 Animate Skeleton         Necr           N/A          100%        1    ##.....
 Apportation              Tloc           #.....       100%        1    ##.....
 Confusing Touch          Hex            #.....       100%        1    ##.....
 Summon Small Mammal      Summ           #...         100%        1    ##.....


Dungeon Overview and Level Annotations

Branches:
Dungeon (6/15)             Temple (0/1) D:6

Altars:
Elyvilon
Gozag
Hepliaklqana
Okawaru
Ru
Beogh

Annotations:
D:6 Cancer's ghost, novice MiBe


Innate Abilities, Weirdness & Mutations

You have a beak for a mouth.
You have claws for feet.
You can fly.


Message History

Cancer's ghost is lightly damaged.
Cancer's ghost hits you but does no damage.
Your gold dragon scales prevents you from hitting Cancer's ghost.
You claw Cancer's ghost, but do no damage.
Your peck misses Cancer's ghost.
Cancer's ghost is lightly damaged.
Cancer's ghost hits you.
* * * LOW HITPOINT WARNING * * *
You hit Cancer's ghost but do no damage.
You claw Cancer's ghost. Your peck misses Cancer's ghost.
Cancer's ghost is lightly damaged.
Cancer's ghost hits you.
* * * LOW HITPOINT WARNING * * *
You hit Cancer's ghost.
You peck Cancer's ghost, but do no damage.
Cancer's ghost is lightly damaged.
You block Cancer's ghost's attack.
You gain the combat prowess of a mighty hero.
Cancer's ghost hits you!
You die...

#.##.#.##)...#.#..#
#.......#[...#.'..#
#.##.#.##_.8o#.o..#
..##.#.#*[...#o'o##
.......#*....#o#o#
#)######*..##..#o#
#)# *..8#..#o# #.#
*..##..#W# #.#
*8.....#@# <(#
*#######8# .## ###
.# .# .# .# ##


You could see an orc priest, Cancer's ghost and 6 orcs.

Vanquished Creatures
  Duvessa (D:5)
  An ice beast (D:5)
  An orc warrior (D:6)
  2 ogres
  2 bullfrogs
  A gnoll sergeant (D:5)
  Dowan (D:5)
  A scorpion (D:5)
  5 wights (D:6)
  2 howler monkeys
  2 hounds (D:6)
  A centaur skeleton (D:4)
  An orc priest (D:6)
  A bullfrog skeleton (D:6)
  An iguana (D:5)
  5 orc wizards
  9 worker ants
  2 hound skeletons
  4 adders
  7 gnolls
  3 shadow imps (D:5)
  An ooze (D:1)
  An adder zombie (D:6)
  A worm (D:2)
  2 dart slugs
  4 leopard geckos
  18 orcs
  5 giant cockroaches
  6 goblins
  4 hobgoblins
  A quokka (D:3)
  9 bats
  3 frilled lizards
  A jackal skeleton (D:4)
  8 kobolds
  A leopard gecko zombie (D:5)
  A quokka skeleton (D:5)
  9 rats
128 creatures vanquished.

Notes
Turn   | Place    | Note
-------+----------+-------------------------------------------
     0 | D:1      | CowFu the Tengu Fighter began the quest for the Orb.
     0 | D:1      | Reached XP level 1. HP: 14/14 MP: 2/2
    85 | D:1      | Reached XP level 2. HP: 18/19 MP: 3/3
   579 | D:2      | Reached XP level 3. HP: 19/23 MP: 4/4
   766 | D:2      | Found a hazy altar of Hepliaklqana.
   789 | D:2      | Reached XP level 4. HP: 28/28 MP: 5/5
  1307 | D:3      | Found an opulent altar of Gozag.
  1628 | D:3      | Reached skill level 5 in Maces & Flails
  2288 | D:4      | Noticed a bullfrog
  2295 | D:4      | Killed a bullfrog
  2295 | D:4      | Gained mutation: You can fly. [Tengu growth]
  2295 | D:4      | Reached XP level 5. HP: 26/32 MP: 6/6
  2487 | D:4      | Reached XP level 6. HP: 31/37 MP: 7/7
  2509 | D:4      | Reached skill level 1 in Dodging
  2809 | D:4      | Reached XP level 7. HP: 35/41 MP: 8/8
  2833 | D:4      | Reached skill level 4 in Armour
  3297 | D:5      | Entered Level 5 of the Dungeon
  3338 | D:5      | Found a sacrificial altar of Ru.
  3510 | D:5      | Reached skill level 5 in Armour
  3576 | D:5      | Found an iron altar of Okawaru.
  3619 | D:5      | Became a worshipper of Warmaster Okawaru
  3666 | D:5      | Reached XP level 8. HP: 45/48 MP: 9/9
  4113 | D:5      | Noticed Dowan
  4114 | D:5      | Noticed Duvessa
  4128 | D:5      | Killed Duvessa
  4128 | D:5      | Reached skill level 6 in Armour
  4137 | D:5      | Killed Dowan
  4345 | D:6      | Found a white marble altar of Elyvilon.
  4362 | D:6      | Reached * piety under Okawaru
  4601 | D:6      | Reached skill level 7 in Armour
  4830 | D:6      | Found a staircase to the Ecumenical Temple.
  4836 | D:6      | Reached skill level 8 in Armour
  4877 | D:6      | Reached XP level 9. HP: 40/52 MP: 10/10
  5369 | D:6      | Found a runed gate.
  5369 | D:6      | Found a runed gate.
  5369 | D:6      | Found a runed gate.
  5369 | D:6      | Noticed Cancer's ghost (novice MiBe)
  5378 | D:6      | Found a roughly hewn altar of Beogh.
  5414 | D:6      | Reached skill level 9 in Armour
  5422 | D:6      | Slain by Cancer's ghost

Skill      XL: |  1  2  3  4  5  6  7  8  9 |
---------------+----------------------------+-----
Maces & Flails | 3 4 6 7 |  7.7
Dodging        | 1 2 |  2.0
Armour         | 5 8 9 |  9.2
Shields        | 4 |  4.8
Fighting       | |  3.6

Action                   |  1- 3 |  4- 6 |  7- 9 || total
-------------------------+-------+-------+-------++-------
Melee: Flail             |    55 |   127 |   262 ||   444
       Peck              |     7 |    21 |    45 ||    73
       Kick              |    15 |    36 |    88 ||   139
Invok: Heroism           |       |       |     1 ||     1
  Use: Potion            |       |     4 |     2 ||     6
       Scroll            |       |       |    11 ||    11
  Eat: Chunk             |       |     6 |     8 ||    14
Armor: Scale mail        |    40 |       |       ||    40
       Chain mail        |     2 |    74 |       ||    76
       Gold dragon scale |       |       |   201 ||   201
Dodge: Dodged            |    10 |    11 |     6 ||    27
Block: Shield            |    31 |    51 |   119 ||   201
